 Dungeon Crawl Stone Soup version 0.21-a0-538-gd16b88a (webtiles) character file.

1648 Bluekicks the Conjurer (level 8, 0/41 HPs)
             Began as a Deep Elf Conjurer on Dec 16, 2017.
             Was a Believer of Vehumet.
             Succumbed to a killer bee's poison
             ... on level 7 of the Dungeon.
             The game lasted 02:14:52 (7182 turns).

Bluekicks the Conjurer (Deep Elf Conjurer)          Turns: 7182, Time: 02:14:52

Health: 0/41       AC:  5    Str:  5    XL:     8   Next: 67%
Magic:  16/20      EV: 22    Int: 23    God:    Vehumet [**....]
Gold:   74         SH:  0    Dex: 20    Spells: 1/21 levels left

rFire    . . .     SeeInvis .   u - +0 long sword
rCold    . . .     Gourm    .   (no shield)
rNeg     . . .     Faith    .   h - +2 robe
rPois    .         Spirit   .   (no helmet)
rElec    .         Reflect  .   (no cloak)
rCorr    .         Harm     .   (no gloves)
MR       .....                  m - +0 pair of boots
Stlth    +++++.....             (no amulet)
HPRegen  0.13/turn              (no ring)
MPRegen  0.17/turn              (no ring)

@: agile, lethally poisoned (0 -> -16), about to teleport
A: no striking features
a: Renounce Religion


You were on level 7 of the Dungeon.
You worshipped Vehumet.
Vehumet was pleased with you.
You were not hungry.

You visited 1 branch of the dungeon, and saw 7 of its levels.

You collected 204 gold pieces.
You spent 130 gold pieces at shops.

Inventory:

Hand Weapons
 a - a +0 shortbow
 q - a +0 hunting sling
 u - a +0 long sword (weapon)
 B - a +0 blowgun
 C - a +0 dagger of electrocution
 F - a cursed -2 hand axe
Missiles
 i - 64 arrows
 o - 3 needles of confusion
 r - 6 steel tomahawks (quivered)
 t - 27 poisoned needles
 y - 21 sling bullets
 D - 6 javelins
Armour
 h - a +2 robe (worn)
 m - a +0 pair of boots (worn)
Wands
 w - a wand of flame (15)
Scrolls
 c - a scroll of magic mapping {unknown}
 e - a scroll of teleportation
 k - 2 scrolls of remove curse
 p - a scroll of enchant weapon
 z - a scroll of vulnerability {unknown}
 E - a scroll of fog {unknown}
Potions
 s - a potion of haste
Books
 b - a book of Conjurations

   Spells                             Type                      Level
   a - Magic Dart                     Conjuration                  1
   b - Searing Ray                    Conjuration                  2
   c - Dazzling Spray                 Conjuration/Hexes            3
   d - Fulminant Prism                Conjuration/Hexes            4
   e - Force Lance                    Conjuration/Translocation    4
   f - Iskenderun's Mystic Blast      Conjuration                  4
 g - a book of Changes

   Spells                             Type                      Level
   a - Beastly Appendage              Transmutation                1
   b - Sticks to Snakes               Transmutation                2
   c - Spider Form                    Transmutation/Poison         3
   d - Ice Form                       Ice/Transmutation            4
   e - Blade Hands                    Transmutation                5
 x - Sif Muna's Collected Works on Venom
   (You found it on level 4 of the Dungeon)

   Spells                             Type                      Level
   a - Sting                          Conjuration/Poison           1
Comestibles
 j - 3 fruits
 n - a meat ration
 v - 2 royal jellies


   Skills:
 * Level 6.2 Dodging
 * Level 6.2 Stealth
 * Level 7.1 Spellcasting
 * Level 7.5 Conjurations
 + Level 3.5 Hexes
 + Level 1.3 Translocations
 * Level 3.1 Transmutations
 + Level 1.2 Ice Magic


You had one spell level left.
You knew the following spells:

 Your Spells              Type           Power        Failure   Level  Hunger
a - Magic Dart            Conj           ####         1%          1    None
b - Dazzling Spray        Conj/Hex       ####..       2%          3    None
c - Iskenderun's Mystic   Conj           #####...     3%          4    ###....
d - Force Lance           Conj/Tloc      ####....     12%         4    ###....
e - Ice Form              Ice/Tmut       ###.....     30%         4    ###....
f - Sticks to Snakes      Tmut           ###.....     3%          2    None
g - Searing Ray           Conj           #####.       1%          2    None


Dungeon Overview and Level Annotations

Branches:
Dungeon (7/15)             Temple (0/1) D:4

Altars:
Fedhas
Sif Muna
Trog
Vehumet
Xom
The Shining One

Shops:
D:4 }


Message History

Your ball python completely misses the killer bee.
The killer bee stings you.
* * * LOW HITPOINT WARNING * * *
The killer bee barely misses you.
Your ball python bites the killer bee but does no damage.
Your ball python grabs the killer bee.
Your ball python constricts the killer bee.
Casting: Magic Dart
Confirm with . or Enter, or press ? or * to list all spells.
You create 2 snakes!
You now have 64 arrows.
* * * LOW HITPOINT WARNING * * *
You feel sick. The killer bee barely misses you. The killer bee misses you. x2
The killer bee stings you.
* * * LOW HITPOINT WARNING * * *
You are more poisoned.
The killer bee poisons you!
Your ball python bites the killer bee.
Your ball python constricts the killer bee.
As you read the scroll of teleportation, it crumbles to dust.
You feel strangely unstable.
You die...

############
##..........##
##..........S:##
#........S.....#
#.......Sy@....#
#......<.y.....#
#..............#
#.................
##......!.....###.
##..........##
..........###
....####.... ####
.#.#.


You could see 2 killer bees, 2 friendly adders and a friendly ball python.

Vanquished Creatures
  Menkaure (D:6)
  2 ice beasts (D:5)
  An orc warrior (D:6)
  3 ogres
  A phantom (D:4)
  A centaur (D:6)
  A bullfrog (D:6)
  2 scorpions
  2 crimson imps
  A hound (D:4)
  2 orc wizards (D:4)
  An orc priest (D:4)
  2 bullfrog skeletons (D:5)
  An iguana (D:6)
  4 worker ants
  2 hound zombies
  6 gnolls
  10 adders
  An adder skeleton (D:4)
  3 worms
  3 dart slugs
  4 leopard geckos
  16 orcs
  3 bats (D:1)
  4 giant cockroaches
  8 goblins
  3 hobgoblins
  7 jackals
  9 kobolds
  2 quokkas
  5 frilled lizards
  6 rats
117 creatures vanquished.

Notes
Turn   | Place    | Note
-------+----------+-------------------------------------------
     0 | D:1      | Bluekicks the Deep Elf Conjurer began the quest for the Orb.
     0 | D:1      | Reached XP level 1. HP: 10/10 MP: 6/6
   310 | D:1      | Reached XP level 2. HP: 15/15 MP: 4/8
   637 | D:1      | Reached skill level 5 in Conjurations
   642 | D:1      | Reached XP level 3. HP: 19/19 MP: 0/10
   885 | D:1      | Learned a level 3 spell: Dazzling Spray
  1437 | D:2      | Reached XP level 4. HP: 16/24 MP: 1/11
  1545 | D:2      | Found a bloodstained altar of Trog.
  1545 | D:2      | Found a radiant altar of Vehumet.
  1550 | D:2      | Became a worshipper of Vehumet
  2052 | D:3      | Found a blossoming altar of Fedhas.
  2075 | D:3      | Learned a level 4 spell: Iskenderun's Mystic Blast
  2478 | D:4      | Reached XP level 5. HP: 20/28 MP: 1/13
  2573 | D:4      | Learned a level 4 spell: Force Lance
  2580 | D:4      | Found a staircase to the Ecumenical Temple.
  2720 | D:4      | Noticed an ogre
  2773 | D:4      | Got a pair of bloodstained boots
  2779 | D:4      | Identified the +3 pair of boots "Udutuig" {rPois rCorr Str+4 Dex-5} (You found it on level 4 of the Dungeon)
  2863 | D:4      | Reached * piety under Vehumet
  2863 | D:4      | Offered knowledge of Sandblast by Vehumet.
  2903 | D:4      | Reached skill level 1 in Hexes
  3003 | D:4      | Reached XP level 6. HP: 32/32 MP: 11/15
  3044 | D:4      | Reached skill level 5 in Spellcasting
  3499 | D:4      | Reached XP level 7. HP: 36/36 MP: 1/17
  4214 | D:4      | Found Ostraf's Gadget Emporium.
  4310 | D:4      | Found a deep blue altar of Sif Muna.
  4319 | D:4      | Reached skill level 5 in Dodging
  4442 | D:5      | Entered Level 5 of the Dungeon
  4457 | D:5      | Learned a level 4 spell: Ice Form
  4525 | D:4      | Identified Sif Muna's Collected Works on Venom
  4606 | D:5      | Reached skill level 5 in Stealth
  4657 | D:5      | Reached skill level 1 in Transmutations
  4856 | D:5      | Reached XP level 8. HP: 41/41 MP: 2/19
  5007 | D:5      | Learned a level 2 spell: Sticks to Snakes
  5281 | D:5      | Found a glowing golden altar of the Shining One.
  5730 | D:6      | Noticed Menkaure
  5814 | D:4      | Bought a wand of flame (18) for 130 gold pieces
  5941 | D:6      | Learned a level 2 spell: Searing Ray
  6065 | D:6      | Killed Menkaure
  6139 | D:6      | Reached skill level 1 in Translocations
  6413 | D:6      | Found a shimmering altar of Xom.
  6430 | D:6      | Reached skill level 1 in Ice Magic
  7110 | D:6      | Reached ** piety under Vehumet
  7110 | D:6      | Offered knowledge of Throw Flame by Vehumet.
  7181 | D:7      | HP: 1/41 [killer bee (5)]
  7182 | D:7      | Succumbed to a killer bee's poison

Vault maps used:
D:1:      minmay_arrival_shattered_statue
D:2:      gammafunk_temple_overflow_statue, first_bread, minmay_tripent
D:3:      st_stairs_4, grunt_ministairs_14, fedhas_altar_2
D:4:      led_sif_book, minmay_temple_entry_glass, serial_shops,
          kennysheep_mini_moat, st_stairs_1
D:5:      serial_bayou_pond_b, hangedman_decor_riveting,
          hangedman_abyss_or_decor_lesser_grid, nicolae_tso_swordbearing_angel
D:6:      tgw_xom, uniq_menkaure
D:7:      grunt_temple_overflow_growth_and_decay, marbit_many_paths

Skill      XL: |  1  2  3  4  5  6  7  8 |
---------------+-------------------------+-----
Conjurations   | 5 6 7 |  7.5
Dodging        | 3 4 5 6 |  6.2
Spellcasting   | 4 5 6 7 |  7.1
Stealth        | 3 4 5 6 |  6.2
Hexes          | 1 2 3 |  3.5
Transmutations | 1 3 |  3.1
Translocations | 1 |  1.3
Ice Magic      | 1 |  1.2

Action                   |  1- 3 |  4- 6 |  7- 9 || total
-------------------------+-------+-------+-------++-------
Melee: War axe           |     3 |       |       ||     3
       Long sword        |       |    12 |     4 ||    16
Throw: Tomahawk          |       |     3 |     1 ||     4
 Cast: Magic Dart        |    72 |    65 |   108 ||   245
       Dazzling Spray    |     1 |    19 |     7 ||    27
       Iskenderun's Myst |       |    12 |    18 ||    30
       Ice Form          |       |       |     1 ||     1
       Searing Ray       |       |       |     6 ||     6
       Sticks to Snakes  |       |       |     4 ||     4
       Force Lance       |       |       |     2 ||     2
Evoke: Wand              |       |       |     3 ||     3
  Use: Scroll            |     5 |     3 |     8 ||    16
       Potion            |     2 |     4 |     5 ||    11
  Eat: Chunk             |     1 |       |     1 ||     2
       Fruit             |     1 |       |       ||     1
       Meat ration       |       |     2 |     1 ||     3
       Bread ration      |       |       |     2 ||     2
Armor: Robe              |     2 |     2 |    10 ||    14
Dodge: Dodged            |     4 |    23 |    50 ||    77
       Rpst.: Long sword |       |     8 |    18 ||    26

Table legend:
 A = Spawn XP
 B = Non-spawn XP
 C = Spawn XP percentage of total XP
 D = Spawn monster count
 E = Non-spawn monster count
 F = Spawn count percentage of total count
 G = Total turns spent on level
                    A         B        C        D         E        F      G
               +---------+---------+-------+---------+---------+-------+---------
         Total |       0 |    2355 |   0.0 |       0 |     117 |   0.0 |  7182
               +---------+---------+-------+---------+---------+-------+---------
           D:1 |       0 |      49 |   0.0 |       0 |      30 |   0.0 |  1210
           D:2 |       0 |     114 |   0.0 |       0 |      15 |   0.0 |   797
           D:3 |       0 |      11 |   0.0 |       0 |       6 |   0.0 |   507
           D:4 |       0 |     788 |   0.0 |       0 |      32 |   0.0 |  2175
           D:5 |       0 |     690 |   0.0 |       0 |      13 |   0.0 |  1217
           D:6 |       0 |     703 |   0.0 |       0 |      21 |   0.0 |  1263
               +---------+---------+-------+---------+---------+-------+---------
